 Dungeon Crawl Stone Soup version 0.18.1-48-g4cf74bf (webtiles) character file.

70 Gottschkopf the Insei (level 4, -4/35 HPs)
             Began as a Draconian Transmuter on Aug 2, 2016.
             Slain by Grinder (6 damage)
             ... on level 3 of the Dungeon.
             The game lasted 00:04:24 (2092 turns).

Gottschkopf the Insei (Draconian Transmuter)        Turns: 2092, Time: 00:04:25

Health: -4/35      AC:  5    Str: 12    XL:     4   Next: 3%
Magic:  0/7        EV: 12    Int: 14    God:
Gold:   93         SH:  0    Dex: 12    Spells: 3 memorised, 1 level left

rFire  . . .     SeeInvis .       - Unarmed
rCold  . . .     Gourm    .     (armour unavailable)
rNeg   . . .     Faith    .     (no shield)
rPois  .         Spirit   .     (helmet restricted)
rElec  .         Dismiss  .     (no cloak)
rCorr  .         Reflect  .     (no gloves)
SustAt .         Harm     .     (boots currently unavailable)
MR     .....                    (no amulet)
Stlth  +.........               (no ring)
                                (no ring)

@: appendage, very slightly contaminated, not resistant to hostile enchantments,
very unstealthy
A: unfitting armour, talons 3, cold-blooded, AC +5
a: End Transformation


You were on level 3 of the Dungeon.
You were hungry.
You had grown temporary talons.
You visited 1 branch of the dungeon, and saw 3 of its levels.

You collected 93 gold pieces.

Inventory:

Missiles
 a - 26 arrows
Scrolls
 h - a scroll of remove curse {unknown}
 i - a scroll of fear {unknown}
 k - a scroll of identify {unknown}
 l - a scroll of immolation {unknown}
 m - 3 scrolls of teleportation {unknown}
Potions
 d - a potion of might {unknown}
 e - a potion of magic {unknown}
 f - a potion of agility {unknown}
 j - a potion of cure mutation {unknown}
Books
 b - a book of Changes

   Spells                             Type                      Level
   a - Beastly Appendage              Transmutation                1
   b - Sticks to Snakes               Transmutation                2
   c - Spider Form                    Transmutation/Poison         3
   d - Ice Form                       Ice/Transmutation            4
   e - Blade Hands                    Transmutation                5
Comestibles
 c - a bread ration
 g - a meat ration


   Skills:
 - Level 1.1 Fighting
 - Level 1.7 Dodging
 - Level 4.2 Unarmed Combat
 - Level 2.0 Spellcasting
 - Level 2.0 Transmutations
 + Level 2.2 Poison Magic


You had one spell level left.
You knew the following spells:

 Your Spells              Type           Power        Failure   Level  Hunger
a - Beastly Appendage     Trmt           #.....       12%         1    ##.....
b - Sticks to Snakes      Trmt           #.......     17%         2    ###....
c - Spider Form           Trmt/Pois      #.........   30%         3    ####...


Dungeon Overview and Level Annotations

Branches:
Dungeon (3/15)

Altars:

Annotations:
D:3 Grinder


Innate Abilities, Weirdness & Mutations

Your plain brown scales are hard (AC +5).
Your body does not fit into most forms of armour.
You are cold-blooded and may be slowed by cold attacks.
You have claws for feet.


Message History

Your ball python bites Grinder but does no damage.
You hit Grinder.
Grinder is moderately wounded.
Grinder hits you.
You writhe in agony.
Your ball python bites Grinder.
Your ball python constricts Grinder.
Your ball python bites Grinder but does no damage.
Casting: Sticks to Snakes
Confirm with . or Enter, or press ? or * to list all spells.
Your feet morph into talons.
Your ball python bites Grinder but does no damage.
Your ball python constricts Grinder.
Grinder barely misses you.
Your ball python bites Grinder.
Unknown command.
You hit Grinder. Your kick misses Grinder. You tail-slap Grinder.
Grinder is heavily wounded.
Your ball python bites Grinder but does no damage.
Your ball python constricts Grinder.
Grinder hits you!
* * * LOW HITPOINT WARNING * * *
You writhe in agony.
You die...

#..o.#
#..........?#....#
...........##.S<.#
...............(.#
...........##....#
##........###.....
...........##......
#....S....###..##.#
#....5@...# #..# .#
#....S....# #..# .#
#........<#
##.......##
##.....## #######


You could see Grinder and 2 friendly ball pythons.

Vanquished Creatures
  An orc wizard (D:2)
  An ooze (D:1)
  2 worms (D:2)
  2 dart slugs
  A giant gecko (D:2)
  3 goblins (D:1)
  7 hobgoblins
  5 kobolds
  A quokka (D:2)
  A ball python (D:1)
  3 bats
  3 giant newts (D:1)
  2 rats
32 creatures vanquished.

Notes
Turn   | Place    | Note
--------------------------------------------------------------
     0 | D:1      | Gottschkopf the Draconian Transmuter began the quest for the Orb.
     0 | D:1      | Reached XP level 1. HP: 16/16 MP: 3/3
   321 | D:1      | Reached XP level 2. HP: 14/23 MP: 3/5
   328 | D:1      | Learned a level 2 spell: Sticks to Snakes
   560 | D:1      | Reached skill level 4 in Unarmed Combat
  1036 | D:2      | Reached XP level 3. HP: 26/28 MP: 4/6
  1073 | D:2      | Learned a level 3 spell: Spider Form
  1409 | D:2      | Reached skill level 1 in Poison Magic
  1608 | D:3      | Noticed Grinder
  1868 | D:2      | Reached XP level 4. HP: 11/35 MP: 5/7
  2092 | D:3      | Slain by Grinder

Skill      XL: |  1  2  3 |
---------------+----------+-----
Unarmed Combat | 4 |  4.2
Poison Magic   | 2 |  2.2
Fighting       | |  1.1
Dodging        | |  1.7
Spellcasting   | |  2.0
Transmutations | |  2.0

Action                   |  1- 3 |  4- 6 || total
-------------------------+-------+-------++-------
Melee: Unarmed           |    92 |     5 ||    97
       Kick              |    11 |       ||    11
       Tailslap          |     6 |     1 ||     7
       Headbutt          |     8 |       ||     8
       Punch             |     1 |       ||     1
 Cast: Beastly Appendage |    23 |     1 ||    24
       Sticks to Snakes  |       |     2 ||     2
  Eat: Chunk             |     4 |       ||     4
Armor: Skin              |    17 |     1 ||    18
Dodge: Dodged            |    57 |     1 ||    58
